 Dungeon Crawl Stone Soup version 0.30-b1-2-g02819fbbbe (webtiles) character file.

Game seed: 8533174555089071589

1971017 dxctxrx the Sorcerer (level 26, 168/168 HPs)
             Began as a Deep Elf Conjurer on June 5, 2023.
             Was the Champion of Vehumet.
             Escaped with the Orb
             ... and 4 runes on June 6, 2023!
             The game lasted 06:53:15 (93312 turns).

dxctxrx the Sorcerer (Deep Elf Conjurer)           Turns: 93312, Time: 06:53:15

Health: 168/168    AC: 13    Str:  8    XL:     26   Next: 96%
Magic:  52/54      EV: 14    Int: 42    God:    Vehumet [******]
Gold:   6551       SH: 18    Dex: 15    Spells: 6/76 levels left

rFire   + + +        a - staff of conjuration "Xuorph" {rElec, !a}
rCold   + . .        E - +5 kite shield {reflect}
rNeg    . . .        Q - +0 robe of Mynoxeur {rF+++ Dex+5 Slay-6 Stlth-}
rPois   +            R - +2 helmet {SInv}
rElec   +            X - scarf {repulsion}
rCorr   .            l - +4 pair of gloves of Understanding {rPois Regen+ Int-2 Slay+4}
SInv    +            c - +2 pair of boots of the Amoeba {Will++}
Will    +++++        Z - amulet "Gootoes" {*Slow Will+++ Regen+ Int+3 Dex-2}
Stlth   +            q - +6 ring of intelligence
HPRegen 2.08/turn    y - ring of protection from cold
MPRegen 0.34/turn

%: slow self (1%), repel missiles, reflection
@: studying 2 skills
A: strong 1, inability to read after injury 1
0: Orb of Zot
}: 4/15 runes: decaying, slimy, silver, gossamer
a: Renounce Religion


You escaped.
You worshipped Vehumet.
Vehumet was exalted by your worship.
You visited 11 branches of the dungeon, and saw 53 of its levels.
You also visited: Trove and Gauntlet.

You collected 8653 gold pieces.
You spent 2102 gold pieces at shops.

Inventory:

Hand Weapons
 J - the +8 arc blade {discharge, rElec}
   (You took it off a draconian shifter on level 5 of the Realm of Zot)

   rElec:     It insulates you from electricity.
Missiles
 n - 6 throwing nets {=f}
 W - 10 silver javelins
Armour
 c - the +2 pair of boots of the Amoeba (worn) {Will++}
   (You acquired it on level 8 of the Dungeon)

   Will:      It greatly increases your willpower.
 l - the +4 pair of gloves of Understanding (worn) {rPois Regen+ Int-2 Slay+4}
   (You found it in a treasure trove)

   Int:       It affects your intelligence (-2).
   Slay:      It affects your accuracy & damage with ranged weapons and melee
   (+4).
   rPois:     It protects you from poison.
   Regen:     It increases your rate of health regeneration.
 s - a +1 buckler of positive energy
 E - a +5 kite shield of reflection (worn)
 N - an orb of energy
 Q - the +0 robe of Mynoxeur (worn) {rF+++ Dex+5 Slay-6 Stlth-}
   (You found it on level 5 of the Pits of Slime)

   Dex:       It affects your dexterity (+5).
   Slay:      It affects your accuracy & damage with ranged weapons and melee
   (-6).
   rF:        It renders you almost immune to fire.
   Stlth:     It makes you less stealthy.
 R - a +2 helmet of see invisible (worn)
 T - a scarf of harm
 X - a scarf of repulsion (worn)
Magical Staves
 a - the staff of conjuration "Xuorph" (weapon) {rElec, !a}
   (You found it on level 9 of the Dungeon)

   [staff of conjuration]

   Base accuracy: +5 Base damage: 5 Base attack delay: 1.2 This weapon's minimum
   attack delay (0.6) is reached at skill level 12.
   rElec:     It insulates you from electricity.
   It falls into the 'Staves' category.
   It is a one-handed weapon.
 b - a staff of fire {!a}
 m - the staff of poison "Kuel" {+Blink rPois Will+ Int+2, !a}
   (You found it in a treasure trove)

   [staff of poison]

   Base accuracy: +5 Base damage: 5 Base attack delay: 1.2 This weapon's minimum
   attack delay (0.6) is reached at skill level 12.
   Int:       It affects your intelligence (+2).
   rPois:     It protects you from poison.
   +Blink:    It lets you blink.
   Will:      It increases your willpower.
   It falls into the 'Staves' category.
   It is a one-handed weapon.
 o - the staff of poison "Denaef" {rPois Int+4 Dex+6, !a}
   (You took it off a deep elf zephyrmancer on level 3 of the Elven Halls)

   [staff of poison]

   Base accuracy: +5 Base damage: 5 Base attack delay: 1.2 This weapon's minimum
   attack delay (0.6) is reached at skill level 12.
   Int:       It affects your intelligence (+4).
   Dex:       It affects your dexterity (+6).
   rPois:     It protects you from poison.
   It falls into the 'Staves' category.
   It is a one-handed weapon.
Jewellery
 d - a ring of wizardry
 q - a +6 ring of intelligence (left hand)
 w - the amulet of Neher {Reflect Int+4 SH+5}
   (You found it on level 5 of the Vaults)

   [amulet of reflection]

   It reflects blocked missile attacks.
   Int:       It affects your intelligence (+4).
   SH:        It affects your SH (+5).
 y - a ring of protection from cold (right hand)
 I - the ring of Noon {rCorr Str+2 Dex+6 Stlth+}
   (You took it off a minotaur in a Gauntlet)

   [ring of dexterity]

   Str:       It affects your strength (+2).
   Dex:       It affects your dexterity (+6).
   rCorr:     It protects you from acid and corrosion.
   Stlth:     It makes you more stealthy.
 O - the ring "Deuph" {rN+ Str+6 Int+2}
   (You found it on level 2 of the Realm of Zot)

   [ring of strength]

   Str:       It affects your strength (+6).
   Int:       It affects your intelligence (+2).
   rN:        It protects you from negative energy.
 Z - the amulet "Gootoes" (around neck) {*Slow Will+++ Regen+ Int+3 Dex-2}
   (You found it on level 2 of the Vaults)

   [amulet of regeneration]

   Int:       It affects your intelligence (+3).
   Dex:       It affects your dexterity (-2).
   Regen:     It increases your rate of health regeneration.
   *Slow:     It may slow you when you take damage.
   Will:      It greatly increases your willpower.
Wands
 A - a wand of roots (55)
 D - a wand of digging (16)
 F - a wand of flame (26)
 M - a wand of mindburst (30)
 V - a wand of quicksilver (30)
Scrolls
 e - 8 scrolls of fog
 f - 13 scrolls of immolation {!r}
 i - 9 scrolls of poison {!r}
 k - 6 scrolls of amnesia
 p - 5 scrolls of enchant armour
 r - 5 scrolls of fear
 v - 11 scrolls of teleportation
 B - 4 scrolls of magic mapping
 H - 7 scrolls of summoning
Potions
 g - 14 potions of curing
 h - 8 potions of might
 x - 2 potions of brilliance
 z - 9 potions of lignification {!q}
 C - 6 potions of cancellation
 G - 2 potions of invisibility
 K - 8 potions of flight
 P - 3 potions of heal wounds
 U - 11 potions of ambrosia
 Y - a potion of magic
Miscellaneous
 t - a phial of floods
 L - a phantom mirror


   Skills:
 + Level 17.8 Fighting
 - Level 8.0 Dodging
 - Level 2.4 Stealth
 - Level 14.0 Shields
 + Level 25.9 Spellcasting
 - Level 20.0 Conjurations
 - Level 6.0 Hexes
 - Level 5.0 Translocations
 - Level 7.0 Transmutations
 - Level 24.0 Fire Magic
 - Level 8.0 Ice Magic
 - Level 10.0 Air Magic
 - Level 22.0 Earth Magic
 - Level 10.0 Poison Magic


You had 6 spell levels left.
You knew the following spells:

 Your Spells              Type           Power      Damage    Failure   Level
a - Lehudib's Crystal Sp  Conj/Erth      74%        10d17     1%          8
b - Fireball              Conj/Fire      75%        3d28      0%          5
c - Iskenderun's Mystic   Conj/Tloc      100%       2d19      1%          4
d - Plasma Beam           Fire/Air       57%        2x1d80    1%          6
e - Shatter               Erth           63%        3d47*     2%          9
f - Ignite Poison         Fire/Tmut/Pois 100%       N/A       0%          3
h - Eringya's Noxious Bo  Tmut/Pois      45%        N/A       1%          6
i - Ignition              Fire           65%        3d17      1%          8
j - Iron Shot             Conj/Erth      74%        9d14      0%          6
k - Fire Storm            Conj/Fire      75%        8d19      2%          9
l - Scorch                Fire           100%       2d9       0%          2
m - Cause Fear            Hex            40%        N/A       1%          4

Your spell library contained the following spells:

 Spells                   Type           Power      Damage    Failure   Level
 Chain Lightning          Conj/Air       67%        3d89      38%         9
 Magic Dart               Conj           100%       1d8       0%          1
 Sandblast                Erth           100%       2d20      0%          1
 Passwall                 Tmut/Erth      90%        N/A       0%          2
 Poisonous Vapours        Pois/Air       100%       N/A       0%          2
 Searing Ray              Conj           100%       2d8       0%          2
 Dazzling Flash           Conj/Hex       100%       N/A       0%          3
 Inner Flame              Hex/Fire       100%       N/A       0%          3
 Mephitic Cloud           Conj/Pois/Air  100%       N/A       0%          3
 Stone Arrow              Conj/Erth      100%       3d13      0%          3
 Flame Wave               Conj/Fire      100%       2d21      0%          4
 Sticky Flame             Conj/Fire      100%       2d11      0%          4
 Iskenderun's Battlesphe  Conj           100%       2d15      0%          5
 Lee's Rapid Deconstruct  Erth           63%        3d29*     0%          5
 Beastly Appendage        Tmut           100%       N/A       1%          1
 Freeze                   Ice            100%       1d10      1%          1
 Necrotise                Necr           100%       1d9       1%          1
 Sting                    Tmut/Pois      100%       1d8       1%          1
 Summon Small Mammal      Summ           100%       N/A       1%          1
 Call Imp                 Summ           100%       N/A       1%          2
 Cigotuvi's Dreadful Rot  Necr/Pois/Air  100%       N/A       1%          2
 Ensorcelled Hibernation  Hex/Ice        100%       N/A       1%          2
 Lesser Beckoning         Tloc           100%       N/A       1%          2
 Wereblood                Tmut           85%        N/A       1%          2
 Frozen Ramparts          Ice            100%       1d16      1%          3
 Gell's Gravitas          Tloc           77%        N/A       1%          3
 Ozocubu's Armour         Ice            88%        N/A       1%          3
 Spider Form              Tmut/Pois      90%        N/A       1%          3
 Summon Guardian Golem    Hex/Summ       68%        N/A       1%          3
 Swiftness                Air            95%        N/A       1%          3
 Teleport Other           Tloc           77%        N/A       1%          3
 Tukima's Dance           Hex            81%        N/A       1%          3
 Vhi's Electric Charge    Tloc/Air       100%       N/A       1%          3
 Animate Armour           Summ/Erth      100%       N/A       1%          4
 Fulminant Prism          Conj/Hex       64%        3d26      1%          4
 Ice Form                 Ice/Tmut       87%        N/A       1%          4
 Olgreb's Toxic Radiance  Pois           95%        N/A       1%          4
 Passage of Golubria      Tloc           77%        N/A       1%          4
 Petrify                  Tmut/Erth      100%       N/A       1%          4
 Summon Ice Beast         Ice/Summ       73%        N/A       1%          4
 Summon Lightning Spire   Summ/Air       77%        N/A       1%          4
 Alistair's Intoxication  Tmut/Pois      60%        N/A       1%          5
 Arcjolt                  Conj/Air       67%        1d77      1%          5
 Blade Hands              Tmut           42%        N/A       1%          5
 Borgnjor's Vile Clutch   Necr/Erth      49%        N/A       1%          5
 Freezing Cloud           Conj/Ice/Air   63%        6-21      1%          5
 Metabolic Englaciation   Hex/Ice        42%        N/A       1%          5
 Silence                  Hex/Air        44%        N/A       1%          5
 Yara's Violent Unravell  Hex/Tmut       41%        3d16      1%          5
 Conjure Ball Lightning   Conj/Air       67%        3x3d25    1%          6
 Statue Form              Tmut/Erth      72%        N/A       1%          6
 Call Canine Familiar     Summ           53%        N/A       2%          3
 Vampiric Draining        Necr           53%        2d9       2%          3
 Summon Mana Viper        Hex/Summ       68%        N/A       6%          5
 Animate Dead             Necr           53%        N/A       8%          4
 Dispel Undead            Necr           53%        3d19      8%          4
 Summon Forest            Summ/Tloc      33%        N/A       8%          5
 Agony                    Necr           53%        N/A       22%         5
 Simulacrum               Ice/Necr       36%        N/A       24%         6
 Death Channel            Necr           26%        N/A       77%         6
 Summon Cactus Giant      Summ           26%        N/A       77%         6
 Orb of Destruction       Conj           73%        9d17      1%          7
 Maxwell's Capacitive Co  Air            47%        ∞         22%         8
 Dragon Form              Tmut           42%        N/A       36%         7
 Polar Vortex             Ice            44%        N/A       99%         9
 Haunt                    Necr/Summ      26%        N/A       100%        7
 Infestation              Necr           26%        N/A       100%        8
 Necromutation            Tmut/Necr      35%        N/A       100%        8
 Dragon's Call            Summ           26%        N/A       100%        9


Dungeon Overview and Level Annotations

Branches:
Dungeon (15/15)            Temple (1/1) D:4            Lair (5/5) D:8
  Swamp (4/4) Lair:2       Spider (4/4) Lair:3        Slime (5/5) Lair:4
    Orc (2/2) D:11            Elf (3/3) Orc:2        Vaults (5/5) D:14
  Crypt (0/3) Vaults:2     Depths (4/4) D:15            Zot (5/5) Depths:4
Gauntlet (visited)

Altars:
Ashenzari
Cheibriados
Dithmenos
Elyvilon
Fedhas
Gozag
Hepliaklqana
Kikubaaqudgha
Makhleb
Nemelex Xobeh
Okawaru
Qazlal
Ru
Sif Muna
Trog
Uskayaw
Vehumet
Wu Jian
Xom
Yredelemnul
Zin
The Shining One
Jiyva

Shops:
D:4 ?   D:12 =   Orc:1 *   Orc:2 *=[(   Vaults:1 [   Vaults:4 !*   Depths:3 =

Portals:
Hell: Depths:1 Depths:2 Depths:3 Depths:4
Abyss: Depths:3
Pandemonium: Depths:2

Annotations:
Zot:2 3 runed translucent doors, Muataran's ghost, veteran MiMo


Innate Abilities, Weirdness & Mutations

Your muscles are strong. (Str +4, Int/Dex -1)
You occasionally lose the ability to read scrolls when taking damage.


Message History

You kill the neqoxec!
Vehumet accepts your kill.
You feel your power returning.
(D) Dungeon (T) Temple (L) Lair (S) Swamp (N) Spider Nest (M) Slime Pits (O) Orcish Mines (E) Elven Halls (V) Vaults (C) Crypt (U) Depths (H) Hell (Z) Zot
Where to? (Enter - D:1 @ (x,y), ? - help)
There is a stone staircase leading up here.
You climb upwards.
There is a stone staircase leading down here.
A Brimstone Fiend comes into view.
The Brimstone Fiend roars!
Casting: Fire Storm (dangerous; 2% risk of failure)
Confirm with . or Enter, or press ? or * to list all spells.
Aiming: Lehudib's Crystal Spear (mildly dangerous; 1% risk of failure)
Press: ? - help, Shift-Dir - straight line, f - Brimstone Fiend
Aim: a Brimstone Fiend (93% to hit)
You feel a surge of power!
The crystal spear hits the Brimstone Fiend!!!!
You kill the Brimstone Fiend!
Vehumet accepts your kill.
You feel your power returning.
(D) Dungeon (T) Temple (L) Lair (S) Swamp (N) Spider Nest (M) Slime Pits (O) Orcish Mines (E) Elven Halls (V) Vaults (C) Crypt (U) Depths (H) Hell (Z) Zot
Where to? (Enter - D:1 @ (x,y), ? - help)
Okay, then.
There is a stone staircase leading down here.
Aiming: Dig
Press: ? - help, Shift-Dir - straight line A rock wall.
This square is covered in magical glow.
The rock shatters into small pieces.
There is a staircase leading out of the dungeon here.
You start resting. 3 hell hogs come into view.
The hell hog squeals angrily. x2
You have escaped!

......##.#..#
.........##.#
#####....##.#
####.....##.#
#.......###.#
#.###...# #.# #.#
##### #.####
#.###8#####.##h###
#...............@#
#.###8#####h##h###
#..#### #.##.#
##.# #.##.# .#.#
#.##.# ...###
#.##.#
#....######.##>#
.........##.#..#
##.###.#.......##


You could see 3 hell hogs.

Vanquished Creatures
  the Royal Jelly (Slime:5)
  2 dread liches (Vaults:5)
  3 ancient liches
  A seraph (Zot:3)
  7 orbs of fire
  6 Killer Klowns (Zot:5)
  Margery (Vaults:3)
  Vv (Zot:1)
  Bai Suzhen (Depths:1)
  10 caustic shrikes
  11 golden dragons
  3 curse toes
  Nikola (Spider:3)
  A bone dragon (Depths:4)
  A Brimstone Fiend (D:1)
  3 electric golems
  2 walking crystal tomes
  24 tentacled monstrosities
  Zenata (Vaults:4)
  26 Orb Guardians
  An Ice Fiend (Zot:3)
  Mlioglotl (Swamp:4)
  2 deep elf master archers (Elf:3)
  7 liches
  5 titans (Vaults:5)
  A walking divine tome (Depths:2)
  A walking frostbound tome (Depths:3)
  A walking earthen tome (Depths:3)
  8 death cobs
  9 quicksilver dragons
  2 deep elf blademasters
  8 acid blobs (Slime:5)
  6 sphinxes
  Frances (Swamp:1)
  Kirke (Swamp:3)
  11 storm dragons
  10 shadow dragons
  11 tengu reavers
  Donald (Swamp:2)
  11 azure jellies
  2 thorn hunters
  6 draconian monks
  Roxanne (D:15)
  10 draconian knights
  13 frost giants
  The ghost of Ypsiuj the Thaumaturge, an adept GnSk of Makhleb (Swamp:3)
  8 fire giants
  15 rockslimes
  A daeva (Zot:3)
  7 ghost moths
  9 draconian scorchers
  6 emperor scorpions
  A balrug (Depths:2)
  Louise (Depths:3)
  2 iron dragons (Vaults:5)
  15 vault wardens
  A curse skull (Zot:1)
  14 deep elf sorcerers
  2 orc warlords
  7 draconian stormcallers
  10 quicksilver oozes
  8 draconian shifters
  2 deep elf elementalists (Elf:3)
  A broodmother (Spider:1)
  32 very ugly things
  4 war gargoyles
  7 ironbound thunderhulks
  6 draconian annihilators
  6 deep elf demonologists
  17 ironbound preservers
  17 green draconians
  4 eleionomae
  22 stone giants
  8 white draconians
  2 vampire knights
  13 black draconians
  5 deep elf annihilators
  13 purple draconians
  7 yellow draconians
  A spark wasp (shapeshifter) (Vaults:5)
  10 dire elephants
  A minotaur (Gauntlet)
  13 red draconians
  4 bunyips
  5 spark wasps
  The ghost of randart the Spry, a journeyman FeSu of Gozag (Swamp:2)
  4 crystal guardians
  11 ettins
  8 deep elf death magi
  9 deep elf high priests
  3 entropy weavers
  A merfolk impaler (Depths:4)
  11 yaktaur captains
  11 great orbs of eyes
  Josephine (Lair:4)
  9 fire dragons
  5 peacekeepers
  7 ice dragons
  7 rakshasas
  18 hydras
  33 vault guards
  A spriggan air mage (Depths:3)
  2 ghost crabs (Swamp:4)
  A catoblepas (Lair:1)
  8 ironbound frosthearts
  5 jorogumos
  4 radroaches
  Erica (D:10)
  3 ogre magi (Vaults:5)
  12 boulder beetles
  3 centaur warriors
  A two-headed ogre (D:12)
  13 alligators
  25 dancing weapons
  6 deep troll shamans
  10 deep troll earth magi
  5 death yaks (Lair:5)
  5 spriggan berserkers (Depths:2)
  A spectral dire elephant (Lair:5)
  A hell hog (Gauntlet)
  8 tengu warriors
  2 orc high priests
  16 deep elf knights
  2 sun demons (Depths:2)
  Amaemon (Lair:1)
  13 skeletal warriors
  7 iron trolls
  2 fire crabs (Swamp:4)
  6 hell knights (Vaults:3)
  A sixfirhy (Gauntlet)
  2 spectral death yaks (Lair:5)
  A storm dragon skeleton (Depths:2)
  3 goliath frogs
  2 skysharks (Lair:4)
  45 deep trolls
  5 pharaoh ants
  2 sun moths
  A shadow demon (Zot:1)
  4 glowing orange brains
  A flayed ghost (Depths:3)
  7 spriggan druids
  2 cherubim (Zot:3)
  11 orb spiders
  A spectral anaconda (Lair:5)
  11 swamp dragons
  10 deep elf archers
  An orange crystal statue (Depths:3)
  A golden dragon skeleton (Depths:2)
  6 steelbarb worms
  14 ironbound convokers
  3 obsidian statues
  A spriggan simulacrum (Depths:2)
  2 bog bodies (Swamp:1)
  11 lindwurms
  11 necromancers
  4 wizards
  5 phantasmal warriors (Vaults:5)
  14 orc knights
  35 deep elf pyromancers
  38 deep elf zephyrmancers
  5 harpies (Vaults:5)
  30 ugly things
  4 oklob plants (Zot:1)
  22 wolf spiders
  3 shining eyes
  A stone giant zombie (Vaults:3)
  5 orc sorcerers
  A cyclops (shapeshifter) (Vaults:5)
  2 cyclopes
  2 manticores
  A sphinx skeleton (Vaults:3)
  6 will-o-the-wisps
  25 moths of wrath
  23 vault sentinels
  2 salamanders (shapeshifter)
  6 centaur zombies (D:10)
  4 eyes of devastation
  A frost giant skeleton (Depths:2)
  3 black mambas
  2 gargoyles
  7 torpor snails
  2 orange demons
  10 elephants
  9 demonic crawlers
  10 cane toads
  A cane toad (shapeshifter) (Depths:2)
  27 yaktaurs
  A yaktaur (shapeshifter) (Elf:2)
  2 rime drakes (Lair:4)
  A dire elephant skeleton (Lair:5)
  3 freezing wraiths
  3 unseen horrors
  6 komodo dragons
  An efreet (Zot:3)
  A tormentor (Zot:2)
  5 tengu conjurers
  5 trolls
  2 ice devils
  6 polar bears
  15 meliai
  2 bloated husks (Swamp:1)
  9 hornets
  16 blink frogs
  5 dream sheep (Lair:5)
  A shadow dragon simulacrum (Vaults:4)
  A wind drake (shapeshifter) (Elf:1)
  30 tarantellas
  107 slime creatures
  10 tyrant leeches
  A human simulacrum (Vaults:3)
  16 jumping spiders
  4 air elementals
  2 spriggans (shapeshifter)
  3 shadows
  A centaur simulacrum (D:14)
  9 spriggans
  11 water elementals
  A vampire (D:12)
  24 culicivoras
  5 golden eyes
  4 wyverns
  4 fire bats (Gauntlet)
  27 fire elementals
  9 wraiths
  49 yaks
  5 hogs (Swamp:3)
  57 redbacks
  6 basilisks
  3 steam dragons (Swamp:4)
  21 vampire mosquitoes
  A redback simulacrum (D:12)
  2 elf skeletons (Vaults:4)
  A neqoxec (D:2)
  5 wargs
  A warg (shapeshifter) (Vaults:5)
  Edmund (D:5)
  A death yak simulacrum (Lair:5)
  3 acid dragons
  A hell hound (Gauntlet)
  A spectral cane toad (Lair:5)
  15 water moccasins
  17 swamp worms
  Duvessa (D:5)
  2 black bears
  3 floating eyes
  25 orc warriors
  3 ice beasts
  10 swamp drakes
  A black bear (shapeshifter) (D:14)
  An elephant zombie (Lair:5)
  10 boggarts
  6 ogres
  16 wolves
  16 centaurs
  2 phantoms (D:5)
  4 kobold brigands (D:8)
  A necrophage (D:10)
  3 scorpions
  12 bullfrogs
  2 gnoll sergeants
  A cane toad simulacrum (Lair:5)
  2 earth elementals
  Dowan (D:5)
  7 wights
  12 killer bees
  An elephant simulacrum (Lair:5)
  6 howler monkeys
  2 electric eels
  2 lava snakes (Swamp:4)
  A hound (D:6)
  3 jellies (Lair:4)
  2 human zombies
  2 gnoll boudas
  25 orc priests
  A sleepcap (D:8)
  4 iguanas
  27 orc wizards
  4 lightning spires (Zot:1)
  3 mummies (D:10)
  19 gnolls
  6 adders
  A river rat (D:5)
  4 white imps
  6 ufetubi
  3 worms
  A dart slug (D:1)
  67 orcs
  5 ball pythons
  2 bats
  4 endoplasms
  5 giant cockroaches
  8 goblins
  9 hobgoblins
  3 jackals (D:3)
  2 quokkas
  4 frilled lizards
  26 kobolds
  7 rats
  2 fire vortices
  A plant (Depths:4)
2268 creatures vanquished.

Vanquished Creatures (collateral kills)
  2 Killer Klowns (Zot:5)
  A tentacled monstrosity (Zot:4)
  A titan (Vaults:5)
  4 acid blobs (Slime:5)
  A quicksilver dragon (Zot:5)
  4 shadow dragons
  2 frost giants (Depths:3)
  A draconian shifter (Zot:5)
  An ironbound preserver (Vaults:5)
  A vampire knight (Depths:3)
  A war gargoyle (Vaults:5)
  3 stone giants
  3 very ugly things
  A green draconian (Zot:5)
  2 purple draconians (Zot:1)
  2 white draconians (Zot:5)
  2 black draconians
  An iron troll (Depths:2)
  A glowing orange brain (Depths:3)
  A cherub (Depths:1)
  An ugly thing (Depths:2)
  2 deep elf pyromancers (Elf:3)
  A yaktaur (Vaults:5)
  A floating eye (Depths:4)
40 creatures vanquished.

Vanquished Creatures (others)
  A red draconian (Zot:3)
  The ghost of Amon001 the Basher, a journeyman GrFi of Okawaru (D:12)
  A hornet (Swamp:4)
  A tyrant leech (Swamp:1)
  A spriggan (Swamp:4)
  2 steam dragons (Swamp:4)
  644 fire vortices
  2 foxfires (Swamp:4)
  46 fulminant prisms
  31 fungi
  70 plants
  22 withered plants (Lair:5)
822 creatures vanquished.

Grand Total: 3130 creatures vanquished

Notes
Turn   | Place    | Note
-------+----------+-------------------------------------------
     0 | D:1      | dxctxrx the Deep Elf Conjurer began the quest for the Orb.
     0 | D:1      | Reached XP level 1. HP: 10/10 MP: 6/6
   203 | D:1      | Found a faded altar of an unknown god.
   282 | D:1      | Reached XP level 2. HP: 15/15 MP: 4/8
   285 | D:1      | Learned a level 2 spell: Searing Ray
   933 | D:1      | Reached skill level 4 in Spellcasting
  1204 | D:2      | Reached skill level 5 in Conjurations
  1204 | D:2      | Reached XP level 3. HP: 19/19 MP: 6/10
  1834 | D:2      | Found an opulent altar of Gozag.
  1981 | D:2      | Reached XP level 4. HP: 24/24 MP: 5/12
  2074 | D:2      | Learned a level 4 spell: Iskenderun's Mystic Blast
  2144 | D:3      | Reached skill level 5 in Spellcasting
  2217 | D:3      | Reached skill level 1 in Translocations
  2217 | D:3      | Reached XP level 5. HP: 28/28 MP: 7/14
  3078 | D:4      | Found a staircase to the Ecumenical Temple.
  3095 | Temple   | Entered the Ecumenical Temple
  3291 | Temple   | Became a worshipper of Vehumet
  3550 | D:4      | Reached XP level 6. HP: 23/32 MP: 8/16
  3657 | D:4      | Reached skill level 6 in Spellcasting
  3712 | D:4      | Found Moytoxko's Magic Scroll Boutique.
  3727 | D:4      | Bought a scroll of blinking for 75 gold pieces
  3727 | D:4      | Bought a scroll of identify for 20 gold pieces
  3727 | D:4      | Bought a scroll of teleportation for 30 gold pieces
  3832 | D:4      | Found a sparkling altar of Nemelex Xobeh.
  3835 | D:4      | Found a broken altar of Ashenzari.
  3839 | D:4      | Found a glowing golden altar of the Shining One.
  3894 | D:5      | Entered Level 5 of the Dungeon
  3894 | D:5      | Noticed an ice beast
  3897 | D:5      | Killed an ice beast
  3904 | D:5      | Reached XP level 7. HP: 36/36 MP: 7/19
  4053 | D:5      | Reached skill level 7 in Spellcasting
  4138 | D:5      | Noticed a wyvern
  4144 | D:5      | Killed a wyvern
  4215 | D:5      | Noticed Edmund
  4233 | D:5      | Killed Edmund
  4322 | D:5      | Noticed Duvessa
  4322 | D:5      | Noticed Dowan
  4327 | D:5      | Killed Dowan
  4327 | D:5      | Reached * piety under Vehumet
  4327 | D:5      | Offered knowledge of Sandblast by Vehumet.
  4328 | D:5      | Reached skill level 5 in Translocations
  4328 | D:5      | Reached XP level 8. HP: 21/41 MP: 14/21
  4331 | D:5      | Killed Duvessa
  4332 | D:5      | Reached skill level 8 in Spellcasting
  4445 | D:5      | Learned a level 4 spell: Fulminant Prism
  4624 | D:5      | Reached skill level 1 in Hexes
  5501 | D:6      | Found a blossoming altar of Fedhas.
  5501 | D:6      | Found a hide-covered altar of Uskayaw.
  5595 | D:6      | Reached skill level 9 in Spellcasting
  5747 | D:6      | Got the Secrets of Graupel
  6290 | D:7      | Offered knowledge of Scorch by Vehumet.
  6291 | D:7      | Reached ** piety under Vehumet
  6294 | D:7      | Reached skill level 5 in Hexes
  6352 | D:7      | Learned a level 2 spell: Scorch
  6404 | D:7      | Reached skill level 10 in Spellcasting
  6405 | D:7      | Reached skill level 1 in Fire Magic
  6471 | D:7      | Reached XP level 9. HP: 45/45 MP: 20/25
  6679 | D:7      | Reached skill level 5 in Fire Magic
  7447 | D:8      | Noticed a troll
  7450 | D:8      | Noticed an elephant
  7452 | D:8      | Reached skill level 1 in Fighting
  7454 | D:8      | Killed an elephant
  7461 | D:8      | Killed a troll
  7462 | D:8      | Reached skill level 5 in Dodging
  7572 | D:8      | Offered knowledge of Ignite Poison by Vehumet.
  7638 | D:8      | Reached *** piety under Vehumet
  7641 | D:8      | Reached XP level 10. HP: 48/58 MP: 7/26
  7992 | D:8      | Found a staircase to the Lair.
  8037 | D:8      | Reached skill level 5 in Fighting
  8130 | D:8      | Learned a level 3 spell: Ignite Poison
  8134 | D:8      | Learned a level 3 spell: Mephitic Cloud
  8566 | D:9      | Reached skill level 1 in Poison Magic
  8719 | D:9      | Noticed a wizard
  8722 | D:9      | Noticed a white ugly thing
  8724 | D:9      | Noticed a four-headed hydra
  8727 | D:9      | Killed a wizard
  8730 | D:9      | Killed a four-headed hydra
  8731 | D:9      | Reached skill level 11 in Spellcasting
  8782 | D:9      | Offered knowledge of Flame Wave by Vehumet.
  9028 | D:9      | Got the Compendium of Reformed Venom
  9196 | D:9      | Reached skill level 5 in Poison Magic
  9405 | D:8      | Identified a scroll of acquirement
  9405 | D:8      | Acquired the +2 pair of boots of the Amoeba {Will++}
  9722 | D:9      | Identified the +4 mace of Pafum {protect, *Rage rN+++
                  | Int+3}
  9751 | D:9      | Identified the orb of Cipex {guile, Dex+2}
  9850 | D:9      | Reached skill level 12 in Spellcasting
  9927 | D:9      | Killed a white ugly thing
 10051 | D:9      | Learned a level 6 spell: Plasma Beam
 10158 | D:9      | Noticed a deep elf pyromancer
 10159 | D:9      | Noticed a rakshasa
 10163 | D:9      | Killed a deep elf pyromancer
 10164 | D:9      | Reached skill level 1 in Transmutations
 10164 | D:9      | Reached skill level 1 in Air Magic
 10164 | D:9      | Reached XP level 11. HP: 63/63 MP: 16/29
 10174 | D:9      | Killed a rakshasa
 10285 | D:9      | Identified the staff of conjuration "Xuorph" {rElec}
 10297 | D:9      | Learned a level 6 spell: Eringya's Noxious Bog
 10419 | Lair:1   | Entered Level 1 of the Lair of Beasts
 10787 | Lair:1   | Noticed a catoblepas
 10802 | Lair:1   | Killed a catoblepas
 11061 | Lair:1   | Noticed Amaemon
 11083 | Lair:1   | Killed Amaemon
 12458 | Lair:2   | Reached **** piety under Vehumet
 12460 | Lair:2   | Reached skill level 5 in Transmutations
 12464 | Lair:2   | Reached skill level 5 in Air Magic
 13153 | Lair:2   | Found a staircase to the Swamp.
 13653 | Lair:3   | Noticed a five-headed hydra
 13663 | Lair:3   | Killed a five-headed hydra
 13664 | Lair:3   | Reached XP level 12. HP: 68/68 MP: 13/30
 13969 | Lair:3   | Identified the +6 shortbow "Qysai" {flame, *Corrode rPois
                  | Int+2}
 13972 | Lair:3   | Found a hole to the Spider Nest.
 14063 | Lair:3   | Offered knowledge of Hailstorm by Vehumet.
 14828 | Lair:4   | Reached skill level 13 in Spellcasting
 15433 | Lair:4   | Found a dark tunnel.
 15737 | Lair:4   | Noticed Josephine
 15745 | Lair:4   | Reached skill level 10 in Fire Magic
 15745 | Lair:4   | Killed Josephine
 15759 | Lair:4   | Reached skill level 14 in Spellcasting
 15759 | Lair:4   | Reached XP level 13. HP: 63/72 MP: 6/33
 16101 | Lair:4   | Found a runed translucent door.
 16102 | Lair:4   | Found a viscous altar of Jiyva.
 16103 | Lair:4   | Found a staircase to the Slime Pits.
 16432 | Lair:5   | Entered Level 5 of the Lair of Beasts
 16452 | Lair:5   | Reached skill level 15 in Spellcasting
 16453 | Lair:5   | Reached ***** piety under Vehumet
 16454 | Lair:5   | Offered knowledge of Sticky Flame by Vehumet.
 16738 | Lair:5   | Noticed a dire elephant
 16738 | Lair:5   | Noticed a dire elephant
 16738 | Lair:5   | Noticed a dire elephant
 16738 | Lair:5   | Noticed a dire elephant
 17184 | Lair:5   | Learned a level 8 spell: Ignition
 17480 | Lair:5   | Reached skill level 10 in Poison Magic
 17569 | Lair:5   | Reached skill level 16 in Spellcasting
 18125 | Lair:5   | Killed a dire elephant
 18125 | Lair:5   | Killed a dire elephant
 18126 | Lair:5   | Killed a dire elephant
 18129 | Lair:5   | Killed a dire elephant
 18130 | Lair:5   | Reached XP level 14. HP: 78/78 MP: 9/36
 18602 | D:10     | Entered Level 10 of the Dungeon
 18685 | D:10     | Noticed Erica
 18721 | D:10     | Killed Erica
 18885 | D:10     | Learned a level 6 spell: Iron Shot
 20240 | D:10     | Found a basalt altar of Yredelemnul.
 20519 | D:11     | Found a staircase to the Orcish Mines.
 20729 | D:11     | Found a stormy altar of Qazlal.
 21392 | D:12     | Found a runed translucent door.
 21395 | D:12     | Noticed a lich
 21397 | D:12     | Noticed Amon001's ghost (journeyman GrFi)
 21403 | D:12     | Found a runed translucent door.
 22512 | D:12     | Found Jinaivytul's Jewellery Emporium.
 22915 | D:13     | Found a gate leading to a gauntlet.
 22947 | Gauntlet | Entered a Gauntlet
 22947 | Gauntlet | Found a transporter.
 22947 | Gauntlet | Found a transporter.
 22952 | Gauntlet | Found a transporter.
 22967 | Gauntlet | Found a transporter.
 22987 | Gauntlet | Found a transporter.
 22994 | Gauntlet | Found a transporter.
 23077 | Gauntlet | Found a transporter.
 23092 | Gauntlet | Found a transporter.
 23113 | Gauntlet | Found a transporter.
 23122 | Gauntlet | Found a transporter.
 23211 | Gauntlet | Found a transporter.
 23237 | Gauntlet | Found a transporter.
 23238 | Gauntlet | Found a transporter.
 23239 | Gauntlet | Found a transporter.
 23264 | Gauntlet | Offered knowledge of Spellforged Servitor by Vehumet.
 23309 | Gauntlet | Identified the +0 pair of boots of Card Tricks {+Inv rF-
                  | rN+ Str+4}
 23489 | Gauntlet | Found a transporter.
 23625 | Gauntlet | Found a transporter.
 23685 | Gauntlet | Identified the +10 spear of Arrival {heavy, rC++}
 23685 | Gauntlet | Identified the ring of Noon {rCorr Str+2 Dex+6 Stlth+}
 25802 | D:14     | Reached XP level 15. HP: 88/88 MP: 20/37
 25988 | D:14     | Reached skill level 17 in Spellcasting
 26345 | D:14     | Reached skill level 15 in Fire Magic
 26926 | D:14     | Found a gate to the Vaults.
 27009 | D:15     | Entered Level 15 of the Dungeon
 27014 | D:15     | Identified Roxanne's Verses on the Gargoyle
 27014 | D:15     | Noticed Roxanne
 27020 | D:15     | Killed Roxanne
 27199 | D:15     | Reached skill level 1 in Earth Magic
 27740 | D:15     | Offered knowledge of Irradiate by Vehumet.
 28034 | D:15     | Reached skill level 18 in Spellcasting
 28372 | D:15     | Found a staircase to the Depths.
 29022 | Orc:1    | Entered Level 1 of the Orcish Mines
 29082 | Orc:1    | Found Rikang's General Store.
 29117 | Orc:1    | Bought a scroll of teleportation for 30 gold pieces
 29426 | Orc:2    | Entered Level 2 of the Orcish Mines
 29637 | Orc:2    | Reached skill level 5 in Earth Magic
 29764 | Orc:2    | Reached ****** piety under Vehumet
 30002 | Orc:2    | Found Duskug's General Store.
 30002 | Orc:2    | Found Gyfoth's Antique Armour Shoppe.
 30003 | Orc:2    | Found Femefit's Weapon Shoppe.
 30008 | Orc:2    | Found Ovey's Jewellery Emporium.
 30109 | Orc:2    | Offered knowledge of Starburst by Vehumet.
 30208 | Orc:2    | Found a staircase to the Elven Halls.
 30888 | Orc:2    | Bought a ring of poison resistance for 240 gold pieces
 30888 | Orc:2    | Bought a +6 ring of intelligence for 432 gold pieces
 31018 | D:12     | Bought a ring of see invisible for 255 gold pieces
 31192 | Spider:1 | Entered Level 1 of the Spider Nest
 31198 | Spider:1 | Noticed an emperor scorpion
 31352 | Spider:1 | Killed an emperor scorpion
 31597 | Spider:1 | Reached XP level 16. HP: 93/93 MP: 8/40
 32171 | Spider:1 | Reached skill level 19 in Spellcasting
 32543 | Spider:1 | Offered knowledge of Ozocubu's Refrigeration by Vehumet.
 33208 | Spider:2 | Reached skill level 10 in Conjurations
 33418 | Spider:2 | Reached skill level 20 in Spellcasting
 33514 | Spider:1 | Learned a level 5 spell: Fireball
 35077 | Spider:3 | Offered knowledge of Spellforged Servitor by Vehumet.
 35243 | Spider:3 | Noticed Nikola
 35252 | Spider:3 | Killed Nikola
 35847 | Spider:4 | Entered Level 4 of the Spider Nest
 35850 | Spider:4 | Reached skill level 10 in Earth Magic
 35861 | Spider:4 | Reached skill level 10 in Air Magic
 36676 | Spider:4 | Reached XP level 17. HP: 97/97 MP: 14/43
 39248 | Spider:4 | Offered knowledge of Starburst by Vehumet.
 39553 | Spider:4 | Got a gossamer rune of Zot
 39717 | Swamp:1  | Entered Level 1 of the Swamp
 39890 | Swamp:1  | Reached skill level 1 in Shields
 40583 | Swamp:1  | Noticed Frances
 40585 | Swamp:1  | Killed Frances
 41130 | Swamp:2  | Found a runed translucent door.
 41140 | Swamp:2  | Noticed randart's ghost (journeyman FeSu)
 41544 | Swamp:2  | Noticed Donald
 41546 | Swamp:2  | Killed Donald
 41618 | Swamp:2  | Learned a level 5 spell: Freezing Cloud
 41691 | Swamp:2  | Reached skill level 1 in Ice Magic
 41913 | Swamp:3  | Noticed Kirke
 41916 | Swamp:3  | Killed Kirke
 42202 | Swamp:3  | Got Kouboyli's Atlas of Pyromancy and Shapes
 42388 | Swamp:3  | Found a runed translucent door.
 42400 | Swamp:3  | Noticed Ypsiuj's ghost (adept GnSk)
 42827 | Swamp:4  | Entered Level 4 of the Swamp
 42980 | Swamp:4  | Offered knowledge of Fire Storm by Vehumet.
 42980 | Swamp:4  | Offered knowledge of Shatter by Vehumet.
 42980 | Swamp:4  | Offered knowledge of Chain Lightning by Vehumet.
 42981 | Swamp:4  | Reached skill level 5 in Ice Magic
 42981 | Swamp:4  | Reached XP level 18. HP: 98/103 MP: 7/44
 43147 | Swamp:4  | Noticed Mlioglotl
 43150 | Swamp:4  | Killed Mlioglotl
 45684 | Swamp:4  | Got a decaying rune of Zot
 45931 | D:4      | Bought a scroll of teleportation for 30 gold pieces
 46118 | Swamp:3  | Learned a level 4 spell: Cause Fear
 46369 | Vaults:1 | Entered Level 1 of the Vaults
 46558 | Vaults:1 | Identified the amulet of Ru's Righteous Anger {Faith Int+3}
 46617 | Vaults:1 | Found Gisep's Armour Shop.
 48673 | Vaults:1 | Found a portal to a secret trove of treasure.
 49913 | Vaults:2 | Reached XP level 19. HP: 96/107 MP: 13/45
 50224 | Vaults:2 | Identified the amulet "Gootoes" {*Slow Will+++ Regen+ Int+3
                  | Dex-2}
 50720 | Vaults:2 | You fall into a shaft and drop 2 floors!
 51387 | Vaults:2 | Found a staircase to the Crypt.
 51387 | Vaults:2 | Found a basalt altar of Yredelemnul.
 51388 | Vaults:2 | Found an ancient bone altar of Kikubaaqudgha.
 54305 | Vaults:3 | Noticed Margery
 54315 | Vaults:3 | Killed Margery
 54865 | Vaults:1 | You paid a toll of +4 storm dragon scales to enter a
                  | treasure trove
 54866 | Trove    | Entered a treasure trove
 54880 | Trove    | Identified the +4 pair of gloves of Understanding {rPois
                  | Regen+ Int-2 Slay+4}
 54884 | Trove    | Identified the staff of poison "Kuel" {+Blink rPois Will+
                  | Int+2}
 54896 | Trove    | Identified the +3 buckler of the Sky {rC- Regen+ Str+5
                  | Slay+2}
 54898 | Trove    | Identified the ring of Life {rC- rN+ Will- EV+5 Dex+5}
 55466 | Vaults:4 | Found Zyteczos's Assorted Antiques.
 55474 | Vaults:4 | Bought a potion of brilliance for 96 gold pieces
 55474 | Vaults:4 | Bought a dented beryl amulet for 120 gold pieces
 55498 | Vaults:4 | Reached skill level 15 in Conjurations
 55838 | Vaults:4 | Found Jeiffeh's Distillery.
 55841 | Vaults:4 | Noticed Zenata
 56379 | Vaults:4 | Reached XP level 20. HP: 108/112 MP: 35/46
 57249 | Vaults:4 | Learned a level 9 spell: Fire Storm
 57801 | Vaults:4 | Killed Zenata
 57922 | Vaults:4 | Bought a potion of magic for 144 gold pieces
 57922 | Vaults:4 | Bought a potion of haste for 180 gold pieces
 57922 | Vaults:4 | Bought a potion of curing for 54 gold pieces
 57922 | Vaults:4 | Bought a potion of curing for 54 gold pieces
 57922 | Vaults:4 | Bought a potion of invisibility for 144 gold pieces
 57922 | Vaults:4 | Bought a potion of invisibility for 144 gold pieces
 57922 | Vaults:4 | Bought a potion of curing for 54 gold pieces
 58247 | Elf:1    | Entered Level 1 of the Elven Halls
 59181 | Elf:1    | Identified the +3 trident "Jyculoido" {venom, rC+ Int+4}
 59398 | Elf:1    | You fall into a shaft and drop 1 floor!
 59418 | Elf:2    | Found a large runed translucent door.
 59418 | Elf:2    | Found a large runed translucent door.
 59419 | Elf:2    | Found a large runed translucent door.
 59420 | Elf:2    | Found a large runed translucent door.
 60037 | Elf:1    | Paralysed by an air elemental for 1 turns
 60728 | Elf:1    | Got the Directory of the Supportive Barrage
 61190 | Elf:2    | Identified the +3 whip of Popular Demand {drain, rElec
                  | rCorr MP-9}
 62159 | Elf:3    | Entered Level 3 of the Elven Halls
 62835 | Elf:3    | Identified the +4 ring mail "Jiruron" {Int+3}
 62941 | Elf:3    | Reached XP level 21. HP: 117/117 MP: 34/47
 63025 | Elf:3    | Identified the staff of poison "Denaef" {rPois Int+4 Dex+6}
 63050 | Elf:3    | Identified the +4 trident "Gram" {elec, rPois rN+ MP+9}
 63580 | Elf:3    | Identified the +1 glaive "Ifiegh" {antimagic, rCorr}
 63875 | Elf:3    | Identified the +7 great sword "Wymexzeb" {heavy, rF+ rN++}
 64397 | Elf:3    | Identified the +2 shortbow "Puhisseb" {antimagic, Fly Str+5
                  | Dex-5}
 64539 | Elf:3    | Got the Volume of the Geological Geodesic
 65320 | Depths:1 | Entered Level 1 of the Depths
 65684 | Depths:1 | Identified the +10 morningstar "Lar Moiqoa" {venom, *Rage
                  | rElec rF+ rC++}
 66117 | Depths:1 | Noticed Bai Suzhen
 66120 | Depths:1 | Killed Bai Suzhen
 66125 | Depths:1 | Reached skill level 21 in Spellcasting
 66411 | Depths:1 | Found a gateway to Hell.
 67255 | Depths:2 | Found a one-way gate leading to the halls of Pandemonium.
 67276 | Depths:2 | You fall into a shaft and drop 2 floors!
 67276 | Depths:4 | Entered Level 4 of the Depths
 67344 | Depths:4 | Noticed a golden dragon
 67556 | Depths:2 | Noticed a caustic shrike
 67558 | Depths:2 | Noticed a golden dragon
 67560 | Depths:2 | Killed a golden dragon
 67598 | Depths:2 | Killed a caustic shrike
 68012 | Depths:2 | Reached XP level 22. HP: 117/125 MP: 32/49
 68909 | Depths:3 | Reached skill level 22 in Spellcasting
 69075 | Depths:3 | Reached skill level 15 in Earth Magic
 69079 | Depths:3 | Reached skill level 10 in Fighting
 69098 | Depths:3 | Noticed a golden dragon
 69103 | Depths:3 | Killed a golden dragon
 69115 | Depths:3 | Noticed a golden dragon
 69119 | Depths:3 | Killed a golden dragon
 69305 | Depths:3 | Noticed a caustic shrike
 69307 | Depths:3 | Killed a caustic shrike
 69403 | Depths:3 | Noticed a caustic shrike
 69403 | Depths:3 | Noticed a caustic shrike
 69405 | Depths:3 | Killed a caustic shrike
 69405 | Depths:3 | Noticed a caustic shrike
 69406 | Depths:3 | Killed a caustic shrike
 69409 | Depths:3 | Killed a caustic shrike
 69422 | Depths:3 | Noticed a golden dragon
 69426 | Depths:3 | Killed a golden dragon
 69429 | Depths:3 | Noticed a caustic shrike
 69433 | Depths:3 | Killed a caustic shrike
 69458 | Depths:3 | Noticed a caustic shrike
 69461 | Depths:3 | Killed a caustic shrike
 69462 | Depths:3 | Noticed a caustic shrike
 69463 | Depths:3 | Killed a caustic shrike
 69464 | Depths:3 | Noticed a caustic shrike
 69616 | Depths:3 | Noticed a caustic shrike
 69778 | Depths:3 | Found a one-way gate to the infinite horrors of the Abyss.
 69784 | Depths:3 | Noticed Louise
 69791 | Depths:3 | Killed Louise
 69814 | Depths:3 | Reached skill level 23 in Spellcasting
 69863 | Depths:3 | Killed a caustic shrike
 69867 | Depths:3 | Killed a caustic shrike
 70231 | Depths:3 | Found Kylor's Jewellery Boutique.
 70457 | Depths:3 | Identified the staff of air "Hilim" {rElec rPois rF++ rN+
                  | Str-4}
 70628 | Depths:3 | Identified the +0 chain mail "Kemong" {rF+ rCorr}
 71167 | Depths:3 | Got Jos Fat's Disquisition on Hexes
 71411 | Depths:3 | Reached XP level 23. HP: 110/135 MP: 47/52
 72355 | Depths:4 | Found a gate to the Realm of Zot.
 73135 | Slime:1  | Entered Level 1 of the Pits of Slime
 74581 | Slime:4  | Reached skill level 5 in Shields
 74891 | Slime:5  | Entered Level 5 of the Pits of Slime
 74909 | Slime:5  | Noticed the Royal Jelly
 74911 | Slime:5  | Killed the Royal Jelly
 75122 | Slime:5  | Gained mutation: You are weak. (Str -2) [a shining eye]
 75754 | Slime:5  | Identified the +0 robe of Mynoxeur {rF+++ Dex+5 Slay-6
                  | Stlth-}
 75790 | Slime:5  | Identified the +6 arbalest "Nilekh" {elec, Contam rElec
                  | Str+2 Dex+3}
 75792 | Slime:5  | Got a slimy rune of Zot
 75795 | Slime:5  | Identified the +3 scale mail of the Sun {rC+ Dex+2 Slay+2}
 75824 | Slime:5  | Identified the +6 great mace "Lazuodgh" {heavy, rF+}
 75829 | Slime:5  | Got the Quarto of the Eggplant
 76311 | Lair:4   | Learned a level 8 spell: Lehudib's Crystal Spear
 76708 | Vaults:5 | Entered Level 5 of the Vaults
 76731 | Vaults:5 | Noticed an ancient lich
 76732 | Vaults:5 | Reached XP level 24. HP: 124/145 MP: 49/52
 76735 | Vaults:5 | Killed an ancient lich
 76735 | Vaults:5 | Noticed a dread lich
 76738 | Vaults:5 | Noticed a dread lich
 76749 | Vaults:5 | Killed a dread lich
 76751 | Vaults:5 | Killed a dread lich
 76754 | Vaults:5 | Reached skill level 10 in Shields
 76979 | Vaults:5 | Identified the +4 chain mail "Sihen" {-Cast Dex+3 SInv}
 77101 | Vaults:5 | Identified the +5 ring mail of Follow the Leader {rC-
                  | Regen+ Str+2 Slay+4}
 77385 | Vaults:5 | Got a silver rune of Zot
 77406 | Vaults:5 | Identified the +9 plate armour of the Valley {rF+ Will++
                  | Dex+3}
 77585 | Vaults:5 | Identified the +2 shortbow "Hydrabane" {flame, rPois rF+
                  | Dex+3 Stlth-}
 77775 | Vaults:5 | Got the Quarto of Airy Leadership
 78331 | Vaults:5 | Identified the +6 lajatang of Xetocriz {freeze, rC+ Int+2}
                  | (You took it off an ironbound convoker on level 5 of the
                  | Vaults)
 78375 | Vaults:5 | Identified the amulet of Neher {Reflect Int+4 SH+5}
 78591 | Vaults:5 | Identified the +0 pair of gloves of Siext {rPois}
 78877 | Vaults:5 | Learned a level 9 spell: Shatter
 79158 | Zot:1    | Entered Level 1 of the Realm of Zot
 79698 | Swamp:3  | Killed Ypsiuj's ghost
 80037 | D:12     | Killed Amon001's ghost
 80386 | Swamp:2  | Killed randart's ghost
 81210 | Zot:1    | Noticed Vv
 81369 | Zot:1    | Reached XP level 25. HP: 152/152 MP: 46/52
 82090 | Zot:1    | Killed Vv
 83348 | Zot:2    | Identified the ring "Deuph" {rN+ Str+6 Int+2}
 83430 | Zot:2    | Noticed an orb of fire
 83436 | Zot:2    | Killed an orb of fire
 83565 | Zot:2    | Found a runed translucent gate.
 83565 | Zot:2    | Found a runed translucent gate.
 83568 | Zot:2    | Found a runed translucent gate.
 83572 | Zot:2    | Noticed Muataran's ghost (veteran MiMo)
 83904 | Zot:2    | You fall into a shaft and drop 1 floor!
 83936 | Zot:3    | Found an ancient bone altar of Kikubaaqudgha.
 85526 | Zot:3    | Reached skill level 15 in Fighting
 86875 | Zot:4    | Identified the +8 quarterstaff of Yzumit {heavy, Will+}
 88158 | Zot:5    | Entered Level 5 of the Realm of Zot
 88960 | Zot:5    | Reached XP level 26. HP: 74/162 MP: 32/52
 89409 | Zot:5    | Found the +8 arc blade {discharge, rElec}
 89417 | Zot:5    | Noticed an ancient lich
 89419 | Zot:5    | Killed an ancient lich
 90116 | Zot:5    | Noticed an orb of fire
 90119 | Zot:5    | Reached skill level 24 in Spellcasting
 90120 | Zot:5    | Gained mutation: You have a pair of small horns on your
                  | head. [an orb of fire]
 90295 | Zot:4    | Lost mutation: You are weak. (Str -2) [potion of mutation]
 90295 | Zot:4    | Lost mutation: You have a pair of small horns on your head.
                  | [potion of mutation]
 90295 | Zot:4    | Gained mutation: A frigid envelope surrounds you and
                  | freezes all who hurt you. [potion of mutation]
 90368 | Zot:5    | Killed an orb of fire
 90372 | Zot:5    | Noticed an orb of fire
 90386 | Zot:5    | Gained mutation: You occasionally lose the ability to drink
                  | potions when taking damage. [an orb of fire]
 90388 | Zot:5    | Noticed an orb of fire
 90515 | Zot:5    | Gained mutation: You are frail. (-10% HP) [an orb of fire]
 90517 | Zot:5    | Noticed an orb of fire
 90519 | Zot:5    | Killed an orb of fire
 90520 | Zot:5    | Killed an orb of fire
 90523 | Zot:5    | Gained mutation: Your magical capacity is low. (-10% MP)
                  | [an orb of fire]
 90675 | Zot:4    | Lost mutation: Your magical capacity is low. (-10% MP)
                  | [potion of mutation]
 90675 | Zot:4    | Lost mutation: You are frail. (-10% HP) [potion of
                  | mutation]
 90675 | Zot:4    | Gained mutation: You possess an exceptional clarity of
                  | mind. [potion of mutation]
 90675 | Zot:4    | Gained mutation: You are robust. (+10% HP) [potion of
                  | mutation]
 90733 | Zot:5    | Noticed an orb of fire
 90735 | Zot:5    | Killed an orb of fire
 90750 | Zot:5    | Killed an orb of fire
 91021 | Zot:5    | Reached skill level 25 in Spellcasting
 91272 | Zot:5    | Noticed an ancient lich
 91275 | Zot:5    | Killed an ancient lich
 91489 | Zot:5    | Noticed an orb of fire
 91495 | Zot:5    | Killed an orb of fire
 92714 | Zot:5    | Lost mutation: You are robust. (+10% HP) [potion of
                  | mutation]
 92714 | Zot:5    | Lost mutation: A frigid envelope surrounds you and freezes
                  | all who hurt you. [potion of mutation]
 92714 | Zot:5    | Lost mutation: You occasionally lose the ability to drink
                  | potions when taking damage. [potion of mutation]
 92714 | Zot:5    | Gained mutation: You are occasionally teleported next to
                  | monsters. [potion of mutation]
 92714 | Zot:5    | Gained mutation: You are robust. (+10% HP) [potion of
                  | mutation]
 92714 | Zot:5    | Gained mutation: You have an increased reservoir of magic.
                  | (+10% MP) [potion of mutation]
 92715 | Zot:5    | Lost mutation: You possess an exceptional clarity of mind.
                  | [potion of mutation]
 92715 | Zot:5    | Lost mutation: You have an increased reservoir of magic.
                  | (+10% MP) [potion of mutation]
 92715 | Zot:5    | Gained mutation: Your magical capacity is low. (-10% MP)
                  | [potion of mutation]
 92715 | Zot:5    | Gained mutation: You occasionally lose the ability to drink
                  | potions when taking damage. [potion of mutation]
 92715 | Zot:5    | Gained mutation: You are partially covered in iridescent
                  | scales. (AC +2) [potion of mutation]
 92716 | Zot:5    | Lost mutation: You are occasionally teleported next to
                  | monsters. [potion of mutation]
 92716 | Zot:5    | Lost mutation: You are partially covered in iridescent
                  | scales. (AC +2) [potion of mutation]
 92716 | Zot:5    | Lost mutation: You are robust. (+10% HP) [potion of
                  | mutation]
 92716 | Zot:5    | Gained mutation: Your mind is acute. (Int +4, Str/Dex -1)
                  | [potion of mutation]
 92717 | Zot:5    | Lost mutation: Your magical capacity is low. (-10% MP)
                  | [potion of mutation]
 92717 | Zot:5    | Lost mutation: You occasionally lose the ability to drink
                  | potions when taking damage. [potion of mutation]
 92717 | Zot:5    | Lost mutation: Your mind is acute. (Int +4, Str/Dex -1)
                  | [potion of mutation]
 92717 | Zot:5    | Gained mutation: Your muscles are strong. (Str +4, Int/Dex
                  | -1) [potion of mutation]
 92717 | Zot:5    | Gained mutation: You occasionally lose the ability to read
                  | scrolls when taking damage. [potion of mutation]
 92717 | Zot:5    | Gained mutation: Your flesh is cold resistant. (rC+)
                  | [potion of mutation]
 92718 | Zot:5    | Lost mutation: Your flesh is cold resistant. (rC+) [potion
                  | of mutation]
 92718 | Zot:5    | Lost mutation: Your muscles are strong. (Str +4, Int/Dex
                  | -1) [potion of mutation]
 92718 | Zot:5    | Gained mutation: You are frail. (-10% HP) [potion of
                  | mutation]
 92718 | Zot:5    | Gained mutation: Your spells are a little harder to cast,
                  | but a little more powerful. [potion of mutation]
 92719 | Zot:5    | Lost mutation: Your spells are a little harder to cast, but
                  | a little more powerful. [potion of mutation]
 92719 | Zot:5    | Lost mutation: You are frail. (-10% HP) [potion of
                  | mutation]
 92719 | Zot:5    | Gained mutation: Your muscles are strong. (Str +4, Int/Dex
                  | -1) [potion of mutation]
 92759 | Zot:5    | Got the Orb of Zot
 92858 | Zot:3    | Noticed a seraph
 92865 | Zot:3    | Killed a seraph
 93312 | D:$      | Escaped with the Orb!

Illustrated notes

Levels and vault maps discovered:
D:1:      lemuel_arrival_cross, layout_basic, basic_ecumenical_altar
D:2:      layout_basic, basic_altar
D:3:      layout_rooms, serial_bayou_pond_a
D:4:      layout_basic, grunt_temple_overflow_diamond,
          minmay_temple_entry_drinking_statues, serial_shops, shop
D:5:      layout_basic, gup_sewer_entry_bowl, hangedman_decor_growths,
          uniq_duvessa, uniq_edmund
D:6:      layout_gridville, amethyst_overflow_temple_binary
D:7:      hellmonk_destroyed_diamonds, layout_loops_ring,
          kennysheep_generic_room_13
D:8:      layout_layer_cave, david_lair_generic
D:9:      minmay_tri_box, layout_basic
D:10:     layout_layer_cave, lemuel_mausoleum_altar_yredelemnul, uniq_erica
D:11:     layout_basic, david_orc_3, minmay_door_square,
          nicolae_qazlal_scattered_showers
D:12:     layout_basic, serial_curves, eino_curves_01, eino_curves_01,
          eino_curves_03, serial_shops, nicolae_shop_stone,
          muffindrake_ghost_dual_entry
D:13:     layout_basic, gauntlet_entry_generic
D:14:     layout_stronghold, david_vaults_4, hangedman_decor_push, st_stairs_3
D:15:     hangedman_depths_entry_civil_slaughter, layout_loops_corners,
          nicolae_wwwww, uniq_roxanne
Temple:   eino_temple_scatter_basement
Lair:1:   layout_layer_cave, beast_lair_carwin_10, uniq_amaemon
Lair:2:   layout_misc_corridors, minmay_swamp_entry_worms
Lair:3:   layout_chaotic_city, spider_nest_entry_web_field
Lair:4:   layout_cellular_growth, slime_entry_2,
          nicolae_volcano_entry_two_sided, uniq_josephine
Lair:5:   due_jungle_book, layout_loops_ring
Swamp:1:  layout_basic_swamp, nicolae_swamp_tree_designs,
          infiniplex_staircase_pool_2, uniq_frances
Swamp:2:  layout_basic_swamp, ebering_ghost_reflecting_pool,
          evilmike_swamp_ruin_house_1, uniq_donald
Swamp:3:  layout_falls_marsh, hellmonk_ghost_happy_afterlife,
          nicolae_swamp_little_swirl, swamp_pool1, uniq_kirke
Swamp:4:  swamp_fiery, layout_basic_swamp, portal_ice_cave_entry_pillars_2,
          uniq_mlioglotl
Spider:1: layout_spider_delve
Spider:2: layout_spider_delve
Spider:3: layout_spider_delve, uniq_nikola
Spider:4: grunt_spider_rune_island, nicolae_spider_jagged_tunnels
Slime:1:  layout_caves
Slime:2:  layout_caves
Slime:3:  layout_caves, nicolae_slime_barrier, nicolae_slime_crime_time
Slime:4:  layout_caves, nicolae_slime_round_cave, uniq_dissolution
Slime:5
Orc:1:    layout_caves, serial_shops, shop
Orc:2:    st_orc_mages, layout_diamond_mine, minmay_orc_temple_b
Elf:1:    minmay_elf_arrival_summoners, layout_loops_corners, minmay_elf_sorcery
Elf:2:    elven_hall_of_blades_hangedman_alternative
          [nicolae_blade_entry_splitting_headache], layout_gridlike, uniq_louise
Elf:3:    minmay_elf_hall_furrowed, layout_gridlike, st_stairs_6,
          grunt_megastairs_4
Vaults:1: vaults_room_pool, hangedman_vaults_snaps,
          nicolae_vaults_closet_pinwheel_5, nicolae_vaults_closet_pinwheel_4,
          vaults_room_grid, v_misc_24, v_pattern_3,
          nicolae_vaults_taking_the_gang_shopping,
          nicolae_vaults_sesquioval_fish, nicolae_vaults_shipping_containers_5,
          layout_vaults_omnibox, trove_entry_hex_spiral
Vaults:2: minmay_crypt_entry_necro_gods, nicolae_vaults_tangram_1,
          vaults_room_stairs_pillars, nicolae_vaults_storage_closets_3,
          vaults_dpeg_spiral, ontoclasm_vaults_chip,
          nicolae_vaults_diagonal_hallway_7, ontoclasm_vaults_shuriken,
          nicolae_vaults_trapezoid_lopsided_3, vaults_room_door_ring,
          v_alt_pattern_3, layout_vaults_omnigrid
Vaults:3: nicolae_vaults_offset_grid_hallway_4, v_pattern_5,
          vaults_room_stairs_pillars, nicolae_vaults_trapezoid_2, v_misc_22,
          v_alt_pattern_4, ontoclasm_vaults_hangar, serial_ice_m,
          nicolae_vaults_variable_pillar_hall, nicolae_vaults_closet_pinwheel_2,
          layout_vaults_big_room, uniq_margery
Vaults:4: vaults_room_fours, nicolae_vaults_mush_room, v_misc_30,
          v_alt_pattern_3, nicolae_vaults_stairing_the_circle,
          hangedman_vaults_river_flow, vaults_dpeg_doors,
          nicolae_vaults_tetromino_L_2, v_misc_3, dpeg_vaults_monster_row,
          nicolae_vaults_rhombus_7, nicolae_vaults_prndl,
          vaults_room_mumra_shop_pool, layout_vaults_maze_bifur, serial_shops,
          shop, uniq_zenata
Vaults:5
Depths:1: layout_cave_pools, enter_ziggurat_d, grunt_hell_entry_dis_grunt,
          kennysheep_generic_room_7, uniq_bai_suzhen
Depths:2: minmay_triangles_in_corner, layout_cross, lightli_too_deep,
          infiniplex_staircase_pillars_3a, pan_entry, serial_bayou_shore_b
Depths:3: grunt_bent_corner, layout_honeycomb, hangedman_decor_lopped,
          nicolae_abyss_entry_one_way_or_another, pf_hell_entry_tar_spiral,
          serial_shops, shop_coins, horrible_house_mu
Depths:4: evilmike_zot_entry_diamond, layout_basic,
          chequers_serial_rivers_micro_a, pf_coc_iceberg,
          infiniplex_enter_wizlab_water, serial_bayou_pond_b,
          serial_bayou_shore_a
Zot:1:    evilmike_crystal_ball_defense, layout_basic, evilmike_ambush
          [evilmike_ambush_outer_pillars, evilmike_ambush_inner_cross], uniq_vv
Zot:2:    layout_onion_interference, gammafunk_ghost_split
Zot:3:    lemuel_firehouse, layout_cathedral_of_symmetry, basic_altar
Zot:4:    layout_basic, uniq_parghit
Zot:5:    layout_gridlike, hangedman_zot_decor_slant

Skill      XL: |  1  2  3  4  5  6  7  8  9 10 11 12 13 14 15 16 17 18 19 20 21 22 23 24 25 26 |
---------------+-------------------------------------------------------------------------------+-----
Spellcasting   | 4 5 6 7 10 12 14 16 18 20 21 23 25 | 25.9
Conjurations   | 5 6 7 8 9 10 12 13 15 18 19 20 | 20.0
Translocations | 1 2 3 5 |  5.0
Hexes          | 6 |  6.0
Fire Magic     | 1 6 8 10 13 14 16 18 19 21 23 24 | 24.0
Fighting       | 4 5 8 9 11 13 14 15 17 | 17.8
Dodging        | 5 8 |  8.0
Poison Magic   | 6 8 9 10 | 10.0
Transmutations | 1 5 7 |  7.0
Air Magic      | 1 6 8 10 | 10.0
Earth Magic    | 6 10 11 13 14 16 18 19 21 22 | 22.0
Shields        | 4 7 12 14 | 14.0
Ice Magic      | 5 8 |  8.0
Stealth        | |  2.4

Action                     |  1- 3 |  4- 6 |  7- 9 | 10-12 | 13-15 | 16-18 | 19-21 | 22-24 | 25-27 || total
---------------------------+-------+-------+-------+-------+-------+-------+-------+-------+-------++-------
   Cast: Magic Dart        |    58 |    75 |    84 |   143 |    58 |     4 |       |       |       ||   422
         Searing Ray       |     3 |    11 |    19 |     3 |       |       |       |       |       ||    36
         Iskenderun's Myst |       |       |    25 |    93 |    93 |    55 |    40 |    37 |    18 ||   361
         Scorch            |       |       |    19 |    76 |    17 |     1 |     1 |       |       ||   114
         Fulminant Prism   |       |       |    12 |    29 |     5 |       |       |       |       ||    46
         Ignite Poison     |       |       |       |    21 |     7 |       |     1 |       |     1 ||    30
         Mephitic Cloud    |       |       |       |    18 |     3 |       |       |       |       ||    21
         Eringya's Noxious |       |       |       |     6 |    24 |       |     1 |       |     1 ||    32
         Plasma Beam       |       |       |       |     5 |   233 |   209 |   164 |     2 |     1 ||   614
         Ignition          |       |       |       |       |    38 |    72 |    40 |    11 |     3 ||   164
         Iron Shot         |       |       |       |       |    35 |   129 |   104 |    34 |    51 ||   353
         Fireball          |       |       |       |       |       |   170 |    16 |    12 |     4 ||   202
         Freezing Cloud    |       |       |       |       |       |    22 |    11 |       |       ||    33
         Cause Fear        |       |       |       |       |       |       |     2 |       |       ||     2
         Fire Storm        |       |       |       |       |       |       |   170 |   291 |   192 ||   653
         Lehudib's Crystal |       |       |       |       |       |       |       |    41 |    73 ||   114
         Shatter           |       |       |       |       |       |       |       |     1 |    23 ||    24
  Evoke: Wand              |       |       |       |    15 |     7 |     1 |     1 |     1 |     2 ||    27
         Phantom mirror    |       |       |       |     1 |       |       |       |       |       ||     1
    Use: Scroll            |       |     7 |     6 |    16 |     5 |     9 |    19 |    13 |    10 ||    85
         Potion            |       |       |     2 |     4 |     7 |    12 |     9 |    11 |    21 ||    66
 Armour: Robe              |       |     1 |       |    10 |    31 |    17 |     7 |    11 |     8 ||    85
  Dodge: Dodged            |     4 |     5 |    22 |    27 |    51 |    48 |    30 |    40 |    32 ||   259
         Repelled          |       |       |       |       |       |     5 |     3 |     6 |    16 ||    30
  Block: Buckler           |       |       |       |       |     3 |    11 |    11 |     5 |       ||    30
         Kite shield       |       |       |       |       |       |       |       |       |    28 ||    28
         Reflection        |       |       |       |       |       |       |       |       |     6 ||     6
